Match 44884051
Unlisted

Match 44884051
End
Selects Australian Defense Battlegroup
Selects Australian Light Infantry Section
Australian Light Infantry Section
Construct Section Command Post
Dingo Light Scout Car
Australian Light Infantry Section
Infantry Section
Grenade Package
Infantry Section
Construct Platoon Command Post
Humber Armored Car
Infantry Section
Royal Engineer Section
Selects 2-pounder Anti-tank Gun Team
Selects CMP 15cwt Supply Run
Infantry Section
Vickers Machine Gun Team
Construct Company Command Post
Crusader II Medium Tank
Australian Light Infantry Section
2-pounder Anti-tank Gun Team
Selects Reinforced Resource Caches
Crusader II Medium Tank
Selects Archer Tank Destroyer
Royal Engineer Section
Vickers Machine Gun Team
Australian Light Infantry Section
2-pounder Anti-tank Gun Team
Krigsdal
Haagen!
Nukepapa
Fajolada
0
0

Comments sign in to comment!

No comments posted yet!